Jets vs Bruins

Created - 27 septembre 2019 at 13:22

Simulating a Pre-Season

Goals
1 2 3 T
Jets 1 2 1 4
Bruins 2 2 2 6
Shots
1 2 3 T
Jets 7 14 8 29
Bruins 11 14 17 42

1st period

1. Bruins , Brady Tkachuk 2 (Nolan Patrick 2) at 9:49
2. Jets , Nathan MacKinnon 2 (Nate Prosser 1) at 14:11
3. Bruins , Ryan Kesler 2 (Anthony Mantha 3, Derick Brassard 2) at 15:00

Penalties :
Xavier Ouellet (BOS) for Slashing (Minor) at 17:39

2nd period

4. Jets , Josh Manson 1 (Troy Brouwer 3, Jimmy Vesey 5) at 0:50 (PP)
5. Bruins , Justin Falk 1 (Ondrej Palat 2, Brady Tkachuk 2) at 4:31 (PP)
6. Bruins , Anthony Mantha 2 (Derick Brassard 3) at 7:40
7. Jets , Nathan MacKinnon 3 (Alex Galchenyuk 1) at 10:59 (PP)

Penalties :
Jakob Chychrun (BOS) for Holding (Minor) at 0:37, MacKenzie Blackwood (WIN) for Slashing (Minor) at 3:56 - Mark Pysyk served the penalty, Justin Falk (BOS) for Holding Stick (Minor) at 10:49, Ryan Kesler (BOS) for Holding (Minor) at 11:21

3rd period

8. Bruins , Ryan Kesler 3 (Derick Brassard 4, Anthony Mantha 4) at 9:13
9. Jets , Jonathan Ericsson 1 (Troy Brouwer 4, Jimmy Vesey 6) at 15:06
10. Bruins , Derick Brassard 3 (Ryan Kesler 2, Jakob Chychrun 2) at 17:53

Penalties :
Xavier Ouellet (BOS) for Charging (Minor) at 1:18, Wayne Simmonds (WIN) for Hooking (Minor) at 10:03, Troy Brouwer (WIN) for Hooking (Minor) at 12:54

Goalie Stats

Craig Anderson (WIN), 22 saves from 24 shots - (0,917), L, 1-2-0, 32:20 minutes
MacKenzie Blackwood (WIN), 14 saves from 18 shots - (0,778), 27:40 minutes
Juuse Saros (BOS), 25 saves from 29 shots - (0,862), W, 3-4-0, 60:00 minutes

Players Stats for Jets

Player Name              G  A  P  +/- PIM S  H  SB GA TA FO     MP     PP MP  PK MP  
------------------------------------------------------------------------------------
Alex Galchenyuk          0  1  1  -2  0   4  3  1  1  0  2/4    24:15   3:28   2:49 
Brett Ritchie            0  0  0  -1  0   0  1  0  1  0  0/0     7:04   0:00   0:00 
Colton Sissons           0  0  0  -2  0   1  1  1  1  0  2/2    22:33   3:28   1:07 
Filip Chytil             0  0  0  -1  0   2  0  0  1  0  0/1    11:56   0:00   0:00 
Janne Kuokkanen          0  0  0  -1  0   1  1  0  0  2  3/5    11:56   0:00   0:00 
Jimmy Vesey              0  2  2   1  0   1  1  0  1  0  0/0    15:30   2:39   1:13 
Jonathan Ericsson        1  0  1  -1  0   1  4  0  0  0  0/0    18:20   2:23   1:41 
Josh Manson              1  0  1  -3  0   4  4  1  0  3  0/0    28:18   3:57   2:52 
Josh Morrissey           0  0  0  -3  0   3  2  0  0  0  0/0    28:18   3:57   2:52 
Mark Pysyk               0  0  0  -1  0   1  0  2  0  2  0/0    18:20   2:23   1:41 
Martin Hanzal            0  0  0   0  0   1  0  0  0  0  0/0     0:41   0:13   0:00 
Matt Hunwick             0  0  0   1  0   2  0  0  0  0  0/0    13:22   0:00   0:00 
Matt Luff                0  0  0   0  0   0  0  0  0  0  0/1     0:49   0:13   0:00 
Nate Prosser             0  1  1   1  0   0  0  0  0  0  0/0    13:22   0:00   0:00 
Nathan MacKinnon         2  0  2  -2  0   3  1  0  2  1  28/49  24:41   3:41   2:57 
Troy Brouwer             0  2  2   1  2   3  1  0  0  0  1/1    14:16   2:39   0:00 
Troy Terry               0  0  0  -1  0   0  0  0  0  0  0/4     7:04   0:00   0:00 
Victor Olofsson          0  0  0  -1  0   1  0  0  1  0  0/0     7:04   0:00   0:00 
Wayne Simmonds           0  0  0  -1  2   1  0  0  1  0  0/0    12:35   0:00   0:19 
Zach Aston-Reese         0  0  0   1  0   0  1  0  0  1  1/4    15:01   2:39   0:41 

Players Stats for Bruins

Player Name              G  A  P  +/- PIM S  H  SB GA TA FO     MP     PP MP  PK MP  
------------------------------------------------------------------------------------
Anthony Beauvillier      0  0  0  -2  0   2  0  0  1  0  2/4    12:39   0:00   0:58 
Anthony Mantha           1  2  3   4  0   11 0  2  0  1  2/10   27:02   2:20   3:43 
Brady Tkachuk            1  1  2   1  0   4  4  0  3  1  0/0    19:14   2:13   4:00 
Chris Wideman            0  0  0   1  0   0  1  2  1  0  0/0    13:44   0:00   0:00 
Conor Garland            0  0  0   0  0   0  0  0  0  0  0/0     6:26   0:00   0:00 
Derick Brassard          1  3  4   4  0   7  2  0  2  1  19/41  21:15   2:20   1:33 
Haydn Fleury             0  0  0   0  0   2  0  0  0  4  0/0    12:11   0:00   1:49 
Jakob Chychrun           0  1  1   1  2   2  0  1  1  1  0/0    29:57   2:49   4:11 
Jason Pominville         0  0  0  -2  0   2  1  0  0  0  0/2    12:07   0:00   0:00 
Justin Falk              1  0  1   0  2   3  8  1  0  1  0/0    26:51   2:49   3:47 
Marcus Kruger            0  0  0   0  0   0  0  1  0  0  3/4     6:26   0:00   0:00 
Maxime Comtois           0  0  0   0  0   0  0  0  0  0  0/0     3:08   0:00   0:00 
Nolan Patrick            0  1  1   1  0   1  0  0  1  0  5/7    15:22   2:13   0:00 
Ondrej Palat             0  1  1   1  0   3  0  0  0  0  0/0    15:22   2:13   0:00 
Pat Maroon               0  0  0  -2  0   1  2  0  0  0  0/0    13:28   0:00   1:21 
Ryan Kesler              2  1  3   4  2   4  2  0  0  0  3/3    20:47   2:20   1:05 
Xavier Ouellet           0  0  0   2  4   0  1  1  0  0  0/0    18:22   1:44   0:30 
Zach Redmond             0  0  0   2  0   0  1  1  0  0  0/0    19:14   1:44   2:23 

3 Stars

1 - Derick Brassard (BOS)
2 - Ryan Kesler (BOS)
3 - Anthony Mantha (BOS)

Power Play

Jets - 2 on 5 Attempt(s) - 40,00%
Bruins - 1 on 3 Attempt(s) - 33,33%

Penalty Kill

Jets - 2 on 3 Attempt(s) - 66,67% - Score 0 goal in Penalty Kill
Bruins - 3 on 5 Attempt(s) - 60,00% - Score 0 goal in Penalty Kill

Team Stat

Jets - Hits : 20 - Faceoff Wins : 37 - Blocked Shots : 5 - Penalty Minutes : 6
Bruins - Hits : 22 - Faceoff Wins : 34 - Blocked Shots : 9 - Penalty Minutes : 10

Official

Referees : Kevin Pollock and Frederick L'Ecuyer
Linesman : Mike Cvik and Tim Nowak

Game Notes

Craig Anderson enters game at 7:40 of 2nd period
Justin Falk is injured at 16:20 of 3rd period (Strained Right Elbow)

Jets

5 vs 5 Forward 
   Center                   Left Wing                Right Wing               Time % Phy DF OF 
 1 Nathan MacKinnon         Alex Galchenyuk          Colton Sissons           40     1   2  2  
 2 Zach Aston-Reese         Jimmy Vesey              Troy Brouwer             30     1   2  2  
 3 Janne Kuokkanen          Wayne Simmonds           Filip Chytil             20     1   2  2  
 4 Troy Terry               Victor Olofsson          Brett Ritchie            10     1   2  2  

5 vs 5 Defense 
   Defense                  Defense                                           Time % Phy DF OF 
 1 Josh Manson              Josh Morrissey                                    40     1   2  2  
 2 Jonathan Ericsson        Mark Pysyk                                        30     1   2  2  
 3 Nate Prosser             Matt Hunwick                                      20     1   2  2  
 4 Josh Manson              Josh Morrissey                                    10     1   2  2  

PowerPlay Forward 
   Center                   Left Wing                Right Wing               Time % Phy DF OF 
 1 Nathan MacKinnon         Alex Galchenyuk          Colton Sissons           60     1   2  2  
 2 Zach Aston-Reese         Jimmy Vesey              Troy Brouwer             40     1   2  2  

PowerPlay Defense
   Defense                  Defense                                           Time % Phy DF OF 
 1 Josh Manson              Josh Morrissey                                    60     1   2  2  
 2 Jonathan Ericsson        Mark Pysyk                                        40     1   2  2  

Penalty Kill 4 Players Forward 
   Center                   Wing                     Time % Phy DF OF 
 1 Nathan MacKinnon         Alex Galchenyuk          60     1   2  2  
 2 Colton Sissons           Jimmy Vesey              40     1   2  2  

Penalty Kill 4 Players Defense
   Defense                  Defense                  Time % Phy DF OF 
 1 Josh Manson              Josh Morrissey           60     1   2  2  
 2 Jonathan Ericsson        Mark Pysyk               40     1   2  2  

Penalty Kill - 3 Players Forward 
   Forward                                           Time % Phy DF OF 
 1 Nathan MacKinnon                                  60     1   2  2  
 2 Alex Galchenyuk                                   40     1   2  2  

Penalty Kill - 3 Players Defense
   Defense                  Defense                  Time % Phy DF OF 
 1 Josh Manson              Josh Morrissey           60     1   2  2  
 2 Jonathan Ericsson        Mark Pysyk               40     1   2  2  

4 vs 4 Forward 
   Center                   Wing                     Time % Phy DF OF 
 1 Nathan MacKinnon         Alex Galchenyuk          60     1   2  2  
 2 Colton Sissons           Jimmy Vesey              40     1   2  2  

4 vs 4 Defense
   Defense                  Defense                  Time % Phy DF OF 
 1 Josh Manson              Josh Morrissey           60     1   2  2  
 2 Jonathan Ericsson        Mark Pysyk               40     1   2  2  

Last Minutes Offensive
   Center                   Left Wing                Right Wing               Defense                  Defense                  
   Nathan MacKinnon         Alex Galchenyuk          Colton Sissons           Josh Manson              Josh Morrissey           

Last Minutes Defensive
   Center                   Left Wing                Right Wing               Defense                  Defense                  
   Nathan MacKinnon         Alex Galchenyuk          Colton Sissons           Josh Manson              Josh Morrissey           

Goaltenders
Starting : MacKenzie Blackwood      
Backup : Craig Anderson           

Extra Forwards
Normal : Matt Luff, Martin Hanzal, Wayne Simmonds - PP : Matt Luff, Martin Hanzal - PK : Wayne Simmonds
Extra Defensemen
Normal : Nate Prosser, Matt Hunwick, Jonathan Ericsson - PP : Nate Prosser - PK : Matt Hunwick, Jonathan Ericsson
Penalty Shots
Nathan MacKinnon, Alex Galchenyuk, Colton Sissons, Jimmy Vesey, Troy Brouwer
Custom OT Lines Forwards
Nathan MacKinnon, Alex Galchenyuk, Colton Sissons, Jimmy Vesey, Troy Brouwer, Wayne Simmonds, Zach Aston-Reese, Janne Kuokkanen, Filip Chytil, Troy Terry
Custom OT Lines Defensemen
Josh Manson, Josh Morrissey, Jonathan Ericsson, Mark Pysyk, Nate Prosser

Scratches
Anthony Louis (Healthy), Jonathan Bernier (Healthy)

Bruins

5 vs 5 Forward 
   Center                   Left Wing                Right Wing               Time % Phy DF OF 
 1 Derick Brassard          Anthony Mantha           Ryan Kesler              40     1   2  2  
 2 Nolan Patrick            Brady Tkachuk            Ondrej Palat             30     1   2  2  
 3 Anthony Beauvillier      Jason Pominville         Pat Maroon               20     1   2  2  
 4 Marcus Kruger            Conor Garland            Anthony Mantha           10     1   2  2  

5 vs 5 Defense 
   Defense                  Defense                                           Time % Phy DF OF 
 1 Jakob Chychrun           Justin Falk                                       40     1   2  2  
 2 Zach Redmond             Xavier Ouellet                                    30     1   2  2  
 3 Chris Wideman            Haydn Fleury                                      20     1   2  2  
 4 Jakob Chychrun           Justin Falk                                       10     1   2  2  

PowerPlay Forward 
   Center                   Left Wing                Right Wing               Time % Phy DF OF 
 1 Derick Brassard          Anthony Mantha           Ryan Kesler              60     1   2  2  
 2 Nolan Patrick            Brady Tkachuk            Ondrej Palat             40     1   2  2  

PowerPlay Defense
   Defense                  Defense                                           Time % Phy DF OF 
 1 Jakob Chychrun           Justin Falk                                       60     1   2  2  
 2 Zach Redmond             Xavier Ouellet                                    40     1   2  2  

Penalty Kill 4 Players Forward 
   Center                   Wing                     Time % Phy DF OF 
 1 Anthony Mantha           Brady Tkachuk            60     1   2  2  
 2 Derick Brassard          Ryan Kesler              40     1   2  2  

Penalty Kill 4 Players Defense
   Defense                  Defense                  Time % Phy DF OF 
 1 Jakob Chychrun           Justin Falk              60     1   2  2  
 2 Zach Redmond             Xavier Ouellet           40     1   2  2  

Penalty Kill - 3 Players Forward 
   Forward                                           Time % Phy DF OF 
 1 Anthony Mantha                                    60     1   2  2  
 2 Brady Tkachuk                                     40     1   2  2  

Penalty Kill - 3 Players Defense
   Defense                  Defense                  Time % Phy DF OF 
 1 Jakob Chychrun           Justin Falk              60     1   2  2  
 2 Zach Redmond             Xavier Ouellet           40     1   2  2  

4 vs 4 Forward 
   Center                   Wing                     Time % Phy DF OF 
 1 Anthony Mantha           Brady Tkachuk            60     1   2  2  
 2 Derick Brassard          Ryan Kesler              40     1   2  2  

4 vs 4 Defense
   Defense                  Defense                  Time % Phy DF OF 
 1 Jakob Chychrun           Justin Falk              60     1   2  2  
 2 Zach Redmond             Xavier Ouellet           40     1   2  2  

Last Minutes Offensive
   Center                   Left Wing                Right Wing               Defense                  Defense                  
   Derick Brassard          Anthony Mantha           Ryan Kesler              Jakob Chychrun           Justin Falk              

Last Minutes Defensive
   Center                   Left Wing                Right Wing               Defense                  Defense                  
   Derick Brassard          Anthony Mantha           Ryan Kesler              Jakob Chychrun           Justin Falk              

Goaltenders
Starting : Juuse Saros              
Backup : Cam Talbot               

Extra Forwards
Normal : Maxime Comtois, Jason Pominville, Pat Maroon - PP : Maxime Comtois, Jason Pominville - PK : Pat Maroon
Extra Defensemen
Normal : Chris Wideman, Haydn Fleury, Zach Redmond - PP : Chris Wideman - PK : Haydn Fleury, Zach Redmond
Penalty Shots
Anthony Mantha, Brady Tkachuk, Derick Brassard, Ryan Kesler, Nolan Patrick
Custom OT Lines Forwards
Anthony Mantha, Brady Tkachuk, Derick Brassard, Ryan Kesler, Nolan Patrick, Ondrej Palat, Jason Pominville, Pat Maroon, Anthony Beauvillier, Marcus Kruger
Custom OT Lines Defensemen
Jakob Chychrun, Justin Falk, Zach Redmond, Xavier Ouellet, Chris Wideman

Scratches
Anthony Duclair (Healthy), Sean Monahan (Healthy), Connor Murphy (Healthy), Charles Hudon (Healthy), Zack Mitchell (Healthy)
Brendan Lemieux (Healthy), Joel Edmundson (Healthy), Adam Erne (Healthy), Ryan Bourque (Healthy), Cam Fowler (Healthy)

% Time on Ice - Jets

Lines # - Real PCT - Wanted PCT - Time Play
Normal Forward
1 - 38% - 40% - 18:29
2 - 24% - 30% - 11:38
3 - 24% - 20% - 11:56
4 - 14% - 10% - 7:04
Normal Defense
1 - 40% - 40% - 19:26
2 - 29% - 30% - 14:16
3 - 27% - 20% - 13:22
4 - 4% - 10% - 2:03
PP Forward
1 - 58% - 60% - 3:41
2 - 42% - 40% - 2:39
PP Defense
1 - 62% - 60% - 3:57
2 - 38% - 40% - 2:23
PK Forward
1 - 80% - 60% - 3:39
2 - 20% - 40% - 0:54
PK Defense
1 - 63% - 60% - 2:52
2 - 37% - 40% - 1:41
PK3 Forward
1 - 0% - 60%
2 - 0% - 40%
PK3 Defense
1 - 0% - 60%
2 - 0% - 40%
44 Forward
1 - 0% - 60%
2 - 0% - 40%
44 Defense
1 - 0% - 60%
2 - 0% - 40%
Last Minute Offensive  - 0:00
Last Minute Defensive  - 0:00
Total
Forward - 60:00
Defense - 60:00

% Time on Ice - Bruins

Lines # - Real PCT - Wanted PCT - Time Play
Normal Forward
1 - 36% - 40% - 17:30
2 - 27% - 30% - 13:30
3 - 24% - 20% - 11:41
4 - 13% - 10% - 6:26
Normal Defense
1 - 42% - 40% - 20:41
2 - 32% - 30% - 15:49
3 - 21% - 20% - 10:22
4 - 5% - 10% - 2:15
PP Forward
1 - 51% - 60% - 2:20
2 - 49% - 40% - 2:13
PP Defense
1 - 62% - 60% - 2:49
2 - 38% - 40% - 1:44
PK Forward
1 - 76% - 60% - 4:47
2 - 24% - 40% - 1:33
PK Defense
1 - 62% - 60% - 3:57
2 - 38% - 40% - 2:23
PK3 Forward
1 - 0% - 60%
2 - 0% - 40%
PK3 Defense
1 - 0% - 60%
2 - 0% - 40%
44 Forward
1 - 0% - 60%
2 - 0% - 40%
44 Defense
1 - 0% - 60%
2 - 0% - 40%
Last Minute Offensive  - 0:00
Last Minute Defensive  - 0:00
Total
Forward - 60:00
Defense - 60:00

Play-by-Play

1st period


0:01 of 1st period - Alex Galchenyuk wins face-off versus Derick Brassard in neutral zone.
0:26 of 1st period - Slapshot by Jimmy Vesey.
0:26 of 1st period - Stopped by Juuse Saros without a rebound.
0:27 of 1st period - Nolan Patrick wins face-off versus Zach Aston-Reese in Bruins zone.
1:42 of 1st period - Snap shot by Troy Brouwer.
1:42 of 1st period - Stopped by Juuse Saros with a rebound.
1:44 of 1st period - Slapshot by Mark Pysyk.
1:44 of 1st period - Stopped by Juuse Saros without a rebound.
1:45 of 1st period - Nathan MacKinnon wins face-off versus Anthony Mantha in Bruins zone.
1:52 of 1st period - Nate Prosser is hit by Justin Falk and loses puck.
2:08 of 1st period - Icing by Nate Prosser.
2:09 of 1st period - Nathan MacKinnon wins face-off versus Jason Pominville in Jets zone.
2:09 of 1st period - Nathan MacKinnon is hit by Pat Maroon.
2:15 of 1st period - Snap shot by Wayne Simmonds.
2:15 of 1st period - Shot Blocked by Zach Redmond.
2:17 of 1st period - Wrist shot by Matt Hunwick.
2:17 of 1st period - Stopped by Juuse Saros with a rebound.
2:19 of 1st period - Snap shot by Matt Hunwick.
2:19 of 1st period - Stopped by Juuse Saros with a rebound.
2:21 of 1st period - Snap shot by Matt Hunwick.
2:21 of 1st period - Deflect By Wayne Simmonds.
2:21 of 1st period - Shot Misses the Net.
2:21 of 1st period - Puck is out of play.
2:22 of 1st period - Janne Kuokkanen wins face-off versus Derick Brassard in Bruins zone.
2:28 of 1st period - Icing by Justin Falk.
2:29 of 1st period - Janne Kuokkanen wins face-off versus Derick Brassard in Bruins zone.
2:55 of 1st period - Off-side.
2:56 of 1st period - Nathan MacKinnon wins face-off versus Anthony Beauvillier in neutral zone.
4:14 of 1st period - Snap shot by Nathan MacKinnon.
4:14 of 1st period - Shot Misses the Net.
4:16 of 1st period - Slapshot by Josh Morrissey.
4:16 of 1st period - Stopped by Juuse Saros with a rebound.
4:31 of 1st period - Ryan Kesler is hit by Jonathan Ericsson and loses puck.
4:48 of 1st period - Ondrej Palat is hit by Brett Ritchie and loses puck.
5:58 of 1st period - Matt Hunwick is hit by Justin Falk and loses puck.
6:18 of 1st period - Icing by Brady Tkachuk.
6:19 of 1st period - Alex Galchenyuk wins face-off versus Nolan Patrick in Bruins zone.
8:05 of 1st period - Icing by Josh Manson.
8:06 of 1st period - Anthony Beauvillier wins face-off versus Zach Aston-Reese in Jets zone.
8:11 of 1st period - Slapshot by Anthony Beauvillier.
8:11 of 1st period - Stopped by MacKenzie Blackwood with a rebound.
8:13 of 1st period - Wrist shot by Anthony Beauvillier.
8:13 of 1st period - Shot Misses the Net.
8:15 of 1st period - Slapshot by Justin Falk.
8:15 of 1st period - Stopped by MacKenzie Blackwood without a rebound.
8:16 of 1st period - Derick Brassard wins face-off versus Nathan MacKinnon in Jets zone.
8:17 of 1st period - Snap shot by Anthony Mantha.
8:17 of 1st period - Stopped by MacKenzie Blackwood with a rebound.
8:41 of 1st period - Nolan Patrick is hit by Jonathan Ericsson and loses puck.
8:52 of 1st period - Matt Hunwick is hit by Justin Falk.
9:02 of 1st period - Nate Prosser is hit by Xavier Ouellet.
9:39 of 1st period - Icing by Xavier Ouellet.
9:40 of 1st period - Nolan Patrick wins face-off versus Troy Terry in Bruins zone.
9:49 of 1st period - Slapshot by Brady Tkachuk.
9:49 of 1st period - Goal by Brady Tkachuk - Jets : 0 - Bruins : 1.
9:50 of 1st period - Colton Sissons wins face-off versus Derick Brassard in neutral zone.
10:42 of 1st period - Snap shot by Anthony Mantha.
10:42 of 1st period - Stopped by MacKenzie Blackwood without a rebound.
10:43 of 1st period - Anthony Beauvillier wins face-off versus Nathan MacKinnon in Jets zone.
11:15 of 1st period - Matt Hunwick is hit by Derick Brassard and loses puck.
12:41 of 1st period - Wrist shot by Brady Tkachuk.
12:41 of 1st period - Shot Misses the Net.
12:51 of 1st period - Derick Brassard is hit by Josh Manson and loses puck.
13:39 of 1st period - Snap shot by Derick Brassard.
13:39 of 1st period - Shot Misses the Net.
14:11 of 1st period - Snap shot by Nathan MacKinnon.
14:11 of 1st period - Goal by Nathan MacKinnon - Jets : 1 - Bruins : 1.
14:12 of 1st period - Ryan Kesler wins face-off versus Nathan MacKinnon in neutral zone.
14:19 of 1st period - Nathan MacKinnon is hit by Ryan Kesler and loses puck.
14:40 of 1st period - Snap shot by Filip Chytil.
14:40 of 1st period - Shot Misses the Net.
14:58 of 1st period - Snap shot by Anthony Mantha.
14:58 of 1st period - Stopped by MacKenzie Blackwood with a rebound.
15:00 of 1st period - Wrist shot by Ryan Kesler.
15:00 of 1st period - Goal by Ryan Kesler - Jets : 1 - Bruins : 2.
15:01 of 1st period - Nolan Patrick wins face-off versus Nathan MacKinnon in neutral zone.
15:18 of 1st period - Off-side.
15:19 of 1st period - Derick Brassard wins face-off versus Zach Aston-Reese in neutral zone.
15:28 of 1st period - Backhand shot by Anthony Mantha.
15:28 of 1st period - Stopped by MacKenzie Blackwood with a rebound.
15:30 of 1st period - Snap shot by Derick Brassard.
15:30 of 1st period - Stopped by MacKenzie Blackwood with a rebound.
15:32 of 1st period - Slapshot by Jakob Chychrun.
15:32 of 1st period - Deflect By Anthony Mantha.
15:32 of 1st period - Stopped by MacKenzie Blackwood with a rebound.
15:34 of 1st period - Slapshot by Justin Falk.
15:34 of 1st period - Deflect By Anthony Mantha.
15:34 of 1st period - Stopped by MacKenzie Blackwood with a rebound.
15:51 of 1st period - Slapshot by Brady Tkachuk.
15:51 of 1st period - Shot Misses the Net.
16:36 of 1st period - Ryan Kesler is hit by Jonathan Ericsson and loses puck.
16:47 of 1st period - Anthony Mantha is hit by Zach Aston-Reese and loses puck.
17:06 of 1st period - Nolan Patrick is hit by Colton Sissons.
17:39 of 1st period - Minor Penalty to Xavier Ouellet for Slashing.
17:40 of 1st period - Nathan MacKinnon wins face-off versus Anthony Mantha in Bruins zone.
19:39 of 1st period - Penalty to Xavier Ouellet is over, Xavier Ouellet is back on ice.
Goals for this period are 1 for Jets vs 2 for Bruins.
Shots for this period are 7 for Jets vs 11 for Bruins.

2nd period


0:01 of 2nd period - Derick Brassard wins face-off versus Nathan MacKinnon in neutral zone.
0:06 of 2nd period - Snap shot by Ryan Kesler.
0:06 of 2nd period - Stopped by MacKenzie Blackwood without a rebound.
0:07 of 2nd period - Nathan MacKinnon wins face-off versus Derick Brassard in Jets zone.
0:37 of 2nd period - Minor Penalty to Jakob Chychrun for Holding.
0:38 of 2nd period - Troy Brouwer wins face-off versus Anthony Mantha in Bruins zone.
0:44 of 2nd period - Slapshot by Josh Manson.
0:44 of 2nd period - Shot Hit the Post.
0:46 of 2nd period - Slapshot by Josh Manson.
0:46 of 2nd period - Stopped by Juuse Saros with a rebound.
0:48 of 2nd period - Slapshot by Josh Manson.
0:48 of 2nd period - Shot Misses the Net.
0:50 of 2nd period - Slapshot by Josh Manson.
0:50 of 2nd period - Deflect By Anthony Mantha.
0:50 of 2nd period - Goal by Josh Manson - Jets : 2 - Bruins : 2.
0:51 of 2nd period - Derick Brassard wins face-off versus Nathan MacKinnon in neutral zone.
1:06 of 2nd period - Snap shot by Alex Galchenyuk.
1:06 of 2nd period - Stopped by Juuse Saros with a rebound.
1:18 of 2nd period - Josh Morrissey is hit by Brady Tkachuk.
1:58 of 2nd period - Snap shot by Anthony Mantha.
1:58 of 2nd period - Stopped by MacKenzie Blackwood with a rebound.
2:00 of 2nd period - Wrist shot by Zach Redmond.
2:00 of 2nd period - Shot Misses the Net.
2:02 of 2nd period - Snap shot by Marcus Kruger.
2:02 of 2nd period - Shot Misses the Net.
2:18 of 2nd period - Snap shot by Brady Tkachuk.
2:18 of 2nd period - Shot Misses the Net.
2:20 of 2nd period - Slapshot by Haydn Fleury.
2:20 of 2nd period - Stopped by MacKenzie Blackwood without a rebound.
2:21 of 2nd period - Nathan MacKinnon wins face-off versus Jason Pominville in Jets zone.
3:10 of 2nd period - Zach Aston-Reese is hit by Chris Wideman and loses puck.
3:38 of 2nd period - Snap shot by Wayne Simmonds.
3:38 of 2nd period - Shot Misses the Net.
3:44 of 2nd period - Slapshot by Filip Chytil.
3:44 of 2nd period - Shot Misses the Net.
3:56 of 2nd period - Snap shot by Anthony Mantha.
3:56 of 2nd period - Stopped by MacKenzie Blackwood without a rebound.
3:56 of 2nd period - Minor Penalty to MacKenzie Blackwood for Slashing.
3:57 of 2nd period - Nathan MacKinnon wins face-off versus Derick Brassard in Jets zone.
4:14 of 2nd period - Josh Morrissey is hit by Derick Brassard and loses puck.
4:29 of 2nd period - Slapshot by Ondrej Palat.
4:29 of 2nd period - Shot Misses the Net.
4:31 of 2nd period - Slapshot by Justin Falk.
4:31 of 2nd period - Goal by Justin Falk - Jets : 2 - Bruins : 3.
4:32 of 2nd period - Zach Aston-Reese wins face-off versus Derick Brassard in neutral zone.
4:59 of 2nd period - Nathan MacKinnon is hit by Pat Maroon.
5:03 of 2nd period - Pat Maroon is hit by Nathan MacKinnon and loses puck.
5:49 of 2nd period - Icing by Xavier Ouellet.
5:50 of 2nd period - Nathan MacKinnon wins face-off versus Marcus Kruger in Bruins zone.
6:15 of 2nd period - Snap shot by Janne Kuokkanen.
6:15 of 2nd period - Shot Blocked by Anthony Mantha.
6:31 of 2nd period - Snap shot by Conor Garland.
6:31 of 2nd period - Deflect By Anthony Mantha.
6:31 of 2nd period - Shot Hit the Post.
6:31 of 2nd period - Puck is out of play.
6:32 of 2nd period - Nathan MacKinnon wins face-off versus Nolan Patrick in Jets zone.
6:57 of 2nd period - Jakob Chychrun is hit by Troy Brouwer and loses puck.
7:18 of 2nd period - Snap shot by Filip Chytil.
7:18 of 2nd period - Stopped by Juuse Saros with a rebound.
7:22 of 2nd period - Wrist shot by Wayne Simmonds.
7:22 of 2nd period - Shot Misses the Net.
7:24 of 2nd period - Slapshot by Wayne Simmonds.
7:24 of 2nd period - Shot Misses the Net.
7:26 of 2nd period - Slapshot by Josh Morrissey.
7:26 of 2nd period - Stopped by Juuse Saros without a rebound.
7:27 of 2nd period - Nolan Patrick wins face-off versus Nathan MacKinnon in Bruins zone.
7:38 of 2nd period - Wrist shot by Ondrej Palat.
7:38 of 2nd period - Stopped by MacKenzie Blackwood without a rebound.
7:39 of 2nd period - Derick Brassard wins face-off versus Nathan MacKinnon in Jets zone.
7:40 of 2nd period - Slapshot by Anthony Mantha.
7:40 of 2nd period - Goal by Anthony Mantha - Jets : 2 - Bruins : 4.
7:40 of 2nd period - Craig Anderson enters game.
7:41 of 2nd period - Nathan MacKinnon wins face-off versus Derick Brassard in neutral zone.
7:48 of 2nd period - Ryan Kesler is hit by Alex Galchenyuk and loses puck.
8:09 of 2nd period - Snap shot by Nolan Patrick.
8:09 of 2nd period - Shot Misses the Net.
8:51 of 2nd period - Zach Redmond is hit by Josh Manson and loses puck.
9:35 of 2nd period - Off-side.
9:36 of 2nd period - Derick Brassard wins face-off versus Filip Chytil in neutral zone.
9:43 of 2nd period - Snap shot by Derick Brassard.
9:43 of 2nd period - Stopped by Craig Anderson with a rebound.
10:05 of 2nd period - Wrist shot by Ondrej Palat.
10:05 of 2nd period - Stopped by Craig Anderson with a rebound.
10:07 of 2nd period - Slapshot by Haydn Fleury.
10:07 of 2nd period - Stopped by Craig Anderson with a rebound.
10:09 of 2nd period - Slapshot by Chris Wideman.
10:09 of 2nd period - Deflect By Ondrej Palat.
10:09 of 2nd period - Stopped by Craig Anderson with a rebound.
10:27 of 2nd period - Wrist shot by Anthony Beauvillier.
10:27 of 2nd period - Stopped by Craig Anderson without a rebound.
10:28 of 2nd period - Nathan MacKinnon wins face-off versus Derick Brassard in Jets zone.
10:49 of 2nd period - Minor Penalty to Justin Falk for Holding Stick.
10:50 of 2nd period - Nathan MacKinnon wins face-off versus Anthony Mantha in Bruins zone.
10:57 of 2nd period - Backhand shot by Nathan MacKinnon.
10:57 of 2nd period - Shot Misses the Net.
10:59 of 2nd period - Snap shot by Nathan MacKinnon.
10:59 of 2nd period - Goal by Nathan MacKinnon - Jets : 3 - Bruins : 4.
11:00 of 2nd period - Nathan MacKinnon wins face-off versus Derick Brassard in neutral zone.
11:15 of 2nd period - Snap shot by Alex Galchenyuk.
11:15 of 2nd period - Stopped by Juuse Saros with a rebound.
11:21 of 2nd period - Minor Penalty to Ryan Kesler for Holding.
11:22 of 2nd period - Nathan MacKinnon wins face-off versus Anthony Mantha in Bruins zone.
11:25 of 2nd period - Wrist shot by Nathan MacKinnon.
11:25 of 2nd period - Shot Misses the Net.
11:27 of 2nd period - Snap shot by Josh Manson.
11:27 of 2nd period - Stopped by Juuse Saros with a rebound.
11:29 of 2nd period - Snap shot by Nathan MacKinnon.
11:29 of 2nd period - Shot Blocked by Anthony Mantha.
11:31 of 2nd period - Snap shot by Josh Manson.
11:31 of 2nd period - Stopped by Juuse Saros without a rebound.
11:32 of 2nd period - Anthony Mantha wins face-off versus Nathan MacKinnon in Bruins zone.
11:47 of 2nd period - Snap shot by Alex Galchenyuk.
11:47 of 2nd period - Stopped by Juuse Saros without a rebound.
11:48 of 2nd period - Nathan MacKinnon wins face-off versus Anthony Mantha in Bruins zone.
12:01 of 2nd period - Wrist shot by Nathan MacKinnon.
12:01 of 2nd period - Stopped by Juuse Saros without a rebound.
12:02 of 2nd period - Nathan MacKinnon wins face-off versus Anthony Mantha in Bruins zone.
12:27 of 2nd period - Brady Tkachuk is hit by Josh Manson and loses puck.
12:36 of 2nd period - Wrist shot by Zach Aston-Reese.
12:36 of 2nd period - Deflect By Troy Brouwer.
12:36 of 2nd period - Stopped by Juuse Saros with a rebound.
13:21 of 2nd period - Penalty to Ryan Kesler is over, Ryan Kesler is back on ice.
13:40 of 2nd period - Anthony Beauvillier is hit by Josh Manson and loses puck.
14:35 of 2nd period - Anthony Beauvillier is hit by Janne Kuokkanen and loses puck.
15:03 of 2nd period - Slapshot by Brady Tkachuk.
15:03 of 2nd period - Stopped by Craig Anderson with a rebound.
15:05 of 2nd period - Slapshot by Nolan Patrick.
15:05 of 2nd period - Stopped by Craig Anderson with a rebound.
15:30 of 2nd period - Matt Hunwick is hit by Zach Redmond and loses puck.
16:01 of 2nd period - Mark Pysyk is hit by Brady Tkachuk and loses puck.
16:16 of 2nd period - Troy Brouwer is hit by Justin Falk and loses puck.
16:26 of 2nd period - Icing by Troy Brouwer.
16:27 of 2nd period - Nathan MacKinnon wins face-off versus Derick Brassard in Jets zone.
16:27 of 2nd period - Nathan MacKinnon is hit by Ryan Kesler.
16:59 of 2nd period - Icing by Troy Terry.
17:00 of 2nd period - Nolan Patrick wins face-off versus Troy Terry in Jets zone.
17:12 of 2nd period - Off-side.
17:13 of 2nd period - Nathan MacKinnon wins face-off versus Derick Brassard in neutral zone.
17:45 of 2nd period - Jonathan Ericsson is hit by Brady Tkachuk and loses puck.
18:06 of 2nd period - Wrist shot by Janne Kuokkanen.
18:06 of 2nd period - Shot Misses the Net.
18:08 of 2nd period - Snap shot by Wayne Simmonds.
18:08 of 2nd period - Stopped by Juuse Saros without a rebound.
18:09 of 2nd period - Nathan MacKinnon wins face-off versus Derick Brassard in Bruins zone.
18:36 of 2nd period - Ondrej Palat is hit by Jimmy Vesey and loses puck.
18:43 of 2nd period - Snap shot by Jimmy Vesey.
18:43 of 2nd period - Shot Misses the Net.
19:05 of 2nd period - Wrist shot by Jason Pominville.
19:05 of 2nd period - Shot Misses the Net.
19:14 of 2nd period - Icing by Wayne Simmonds.
19:15 of 2nd period - Marcus Kruger wins face-off versus Troy Terry in Jets zone.
19:18 of 2nd period - Slapshot by Conor Garland.
19:18 of 2nd period - Shot Misses the Net.
19:26 of 2nd period - Snap shot by Brett Ritchie.
19:26 of 2nd period - Shot Misses the Net.
19:28 of 2nd period - Slapshot by Josh Manson.
19:28 of 2nd period - Shot Blocked by Marcus Kruger.
19:30 of 2nd period - Wrist shot by Victor Olofsson.
19:30 of 2nd period - Stopped by Juuse Saros with a rebound.
Goals for this period are 2 for Jets vs 2 for Bruins.
Shots for this period are 14 for Jets vs 14 for Bruins.

3rd period


0:01 of 3rd period - Derick Brassard wins face-off versus Nathan MacKinnon in neutral zone.
0:04 of 3rd period - Slapshot by Derick Brassard.
0:04 of 3rd period - Stopped by Craig Anderson with a rebound.
0:06 of 3rd period - Snap shot by Ryan Kesler.
0:06 of 3rd period - Deflect By Anthony Mantha.
0:06 of 3rd period - Shot Blocked by Colton Sissons.
0:06 of 3rd period - Puck is out of play.
0:07 of 3rd period - Derick Brassard wins face-off versus Nathan MacKinnon in Jets zone.
0:12 of 3rd period - Snap shot by Derick Brassard.
0:12 of 3rd period - Deflect By Nathan MacKinnon.
0:12 of 3rd period - Shot Misses the Net.
0:12 of 3rd period - Puck is out of play.
0:13 of 3rd period - Derick Brassard wins face-off versus Nathan MacKinnon in Jets zone.
0:45 of 3rd period - Wrist shot by Brady Tkachuk.
0:45 of 3rd period - Stopped by Craig Anderson with a rebound.
0:47 of 3rd period - Slapshot by Jakob Chychrun.
0:47 of 3rd period - Shot Misses the Net.
0:49 of 3rd period - Slapshot by Justin Falk.
0:49 of 3rd period - Stopped by Craig Anderson with a rebound.
0:51 of 3rd period - Slapshot by Justin Falk.
0:51 of 3rd period - Shot Misses the Net.
1:11 of 3rd period - Wrist shot by Janne Kuokkanen.
1:11 of 3rd period - Stopped by Juuse Saros without a rebound.
1:12 of 3rd period - Nathan MacKinnon wins face-off versus Derick Brassard in Bruins zone.
1:18 of 3rd period - Minor Penalty to Xavier Ouellet for Charging.
1:19 of 3rd period - Nathan MacKinnon wins face-off versus Anthony Mantha in Bruins zone.
1:51 of 3rd period - Ryan Kesler is hit by Josh Morrissey and loses puck.
3:18 of 3rd period - Penalty to Xavier Ouellet is over, Xavier Ouellet is back on ice.
3:25 of 3rd period - Anthony Beauvillier is hit by Jonathan Ericsson and loses puck.
3:34 of 3rd period - Snap shot by Janne Kuokkanen.
3:34 of 3rd period - Shot Blocked by Xavier Ouellet.
4:35 of 3rd period - Troy Terry is hit by Justin Falk.
4:47 of 3rd period - Derick Brassard is hit by Alex Galchenyuk and loses puck.
5:26 of 3rd period - Icing by Conor Garland.
5:27 of 3rd period - Marcus Kruger wins face-off versus Troy Terry in Bruins zone.
5:57 of 3rd period - Snap shot by Pat Maroon.
5:57 of 3rd period - Stopped by Craig Anderson with a rebound.
5:59 of 3rd period - Slapshot by Haydn Fleury.
5:59 of 3rd period - Shot Blocked by Mark Pysyk.
6:58 of 3rd period - Snap shot by Jason Pominville.
6:58 of 3rd period - Stopped by Craig Anderson with a rebound.
7:44 of 3rd period - Snap shot by Troy Brouwer.
7:44 of 3rd period - Stopped by Juuse Saros with a rebound.
8:15 of 3rd period - Josh Morrissey is hit by Justin Falk and loses puck.
8:18 of 3rd period - Slapshot by Alex Galchenyuk.
8:18 of 3rd period - Shot Misses the Net.
8:20 of 3rd period - Snap shot by Alex Galchenyuk.
8:20 of 3rd period - Stopped by Juuse Saros with a rebound.
8:30 of 3rd period - Troy Brouwer is hit by Justin Falk and loses puck.
8:46 of 3rd period - Off-side.
8:47 of 3rd period - Marcus Kruger wins face-off versus Janne Kuokkanen in neutral zone.
8:52 of 3rd period - Slapshot by Conor Garland.
8:52 of 3rd period - Shot Misses the Net.
8:57 of 3rd period - Off-side.
8:58 of 3rd period - Ryan Kesler wins face-off versus Nathan MacKinnon in neutral zone.
9:11 of 3rd period - Wrist shot by Derick Brassard.
9:11 of 3rd period - Deflect By Alex Galchenyuk.
9:11 of 3rd period - Stopped by Craig Anderson with a rebound.
9:13 of 3rd period - Snap shot by Ryan Kesler.
9:13 of 3rd period - Goal by Ryan Kesler - Jets : 3 - Bruins : 5.
9:14 of 3rd period - Derick Brassard wins face-off versus Alex Galchenyuk in neutral zone.
9:17 of 3rd period - Slapshot by Jakob Chychrun.
9:17 of 3rd period - Deflect By Josh Morrissey.
9:17 of 3rd period - Stopped by Craig Anderson with a rebound.
10:03 of 3rd period - Minor Penalty to Wayne Simmonds for Hooking.
10:04 of 3rd period - Derick Brassard wins face-off versus Alex Galchenyuk in Jets zone.
10:06 of 3rd period - Wrist shot by Anthony Mantha.
10:06 of 3rd period - Shot Blocked by Josh Manson.
10:30 of 3rd period - Josh Manson is hit by Brady Tkachuk and loses puck.
11:48 of 3rd period - Ondrej Palat is hit by Josh Morrissey and loses puck.
12:03 of 3rd period - Penalty to Wayne Simmonds is over, Wayne Simmonds is back on ice.
12:54 of 3rd period - Minor Penalty to Troy Brouwer for Hooking.
12:55 of 3rd period - Derick Brassard wins face-off versus Nathan MacKinnon in Jets zone.
13:36 of 3rd period - Wrist shot by Jimmy Vesey.
13:36 of 3rd period - Shot Misses the Net.
13:44 of 3rd period - Snap shot by Colton Sissons.
13:44 of 3rd period - Stopped by Juuse Saros with a rebound.
13:50 of 3rd period - Snap shot by Jakob Chychrun.
13:50 of 3rd period - Stopped by Craig Anderson with a rebound.
14:08 of 3rd period - Snap shot by Brady Tkachuk.
14:08 of 3rd period - Stopped by Craig Anderson without a rebound.
14:09 of 3rd period - Derick Brassard wins face-off versus Nathan MacKinnon in Jets zone.
14:12 of 3rd period - Snap shot by Anthony Mantha.
14:12 of 3rd period - Stopped by Craig Anderson without a rebound.
14:13 of 3rd period - Derick Brassard wins face-off versus Nathan MacKinnon in Jets zone.
14:54 of 3rd period - Penalty to Troy Brouwer is over, Troy Brouwer is back on ice.
15:04 of 3rd period - Wrist shot by Troy Brouwer.
15:04 of 3rd period - Shot Blocked by Jakob Chychrun.
15:06 of 3rd period - Slapshot by Jonathan Ericsson.
15:06 of 3rd period - Goal by Jonathan Ericsson - Jets : 4 - Bruins : 5.
15:07 of 3rd period - Nathan MacKinnon wins face-off versus Derick Brassard in neutral zone.
15:41 of 3rd period - Wrist shot by Anthony Beauvillier.
15:41 of 3rd period - Deflect By Wayne Simmonds.
15:41 of 3rd period - Shot Misses the Net.
15:41 of 3rd period - Puck is out of play.
15:42 of 3rd period - Janne Kuokkanen wins face-off versus Derick Brassard in Jets zone.
15:51 of 3rd period - Slapshot by Filip Chytil.
15:51 of 3rd period - Stopped by Juuse Saros without a rebound.
15:52 of 3rd period - Derick Brassard wins face-off versus Janne Kuokkanen in Bruins zone.
16:03 of 3rd period - Snap shot by Derick Brassard.
16:03 of 3rd period - Shot Blocked by Mark Pysyk.
16:05 of 3rd period - Snap shot by Derick Brassard.
16:05 of 3rd period - Stopped by Craig Anderson without a rebound.
16:06 of 3rd period - Colton Sissons wins face-off versus Derick Brassard in Jets zone.
16:06 of 3rd period - Colton Sissons is hit by Justin Falk.
16:18 of 3rd period - Snap shot by Alex Galchenyuk.
16:18 of 3rd period - Shot Misses the Net.
16:20 of 3rd period - Wrist shot by Josh Manson.
16:20 of 3rd period - Shot Blocked by Justin Falk.
16:20 of 3rd period - Justin Falk from Bruins is injured at 16:20 of 3rd period (Strained Right Elbow).
16:21 of 3rd period - Derick Brassard wins face-off versus Nathan MacKinnon in Bruins zone.
16:25 of 3rd period - Off-side.
16:26 of 3rd period - Derick Brassard wins face-off versus Nathan MacKinnon in neutral zone.
16:28 of 3rd period - Off-side.
16:29 of 3rd period - Nathan MacKinnon wins face-off versus Derick Brassard in neutral zone.
16:32 of 3rd period - Slapshot by Josh Morrissey.
16:32 of 3rd period - Stopped by Juuse Saros without a rebound.
16:33 of 3rd period - Nathan MacKinnon wins face-off versus Derick Brassard in Bruins zone.
17:00 of 3rd period - Janne Kuokkanen is hit by Jason Pominville and loses puck.
17:11 of 3rd period - Wrist shot by Jason Pominville.
17:11 of 3rd period - Stopped by Craig Anderson without a rebound.
17:12 of 3rd period - Derick Brassard wins face-off versus Nathan MacKinnon in Jets zone.
17:19 of 3rd period - Slapshot by Derick Brassard.
17:19 of 3rd period - Stopped by Craig Anderson without a rebound.
17:20 of 3rd period - Nathan MacKinnon wins face-off versus Derick Brassard in Jets zone.
17:24 of 3rd period - Icing by Nathan MacKinnon.
17:25 of 3rd period - Derick Brassard wins face-off versus Nathan MacKinnon in Jets zone.
17:30 of 3rd period - Snap shot by Anthony Mantha.
17:30 of 3rd period - Stopped by Craig Anderson with a rebound.
17:32 of 3rd period - Wrist shot by Ryan Kesler.
17:32 of 3rd period - Stopped by Craig Anderson without a rebound.
17:33 of 3rd period - Anthony Mantha wins face-off versus Nathan MacKinnon in Jets zone.
17:39 of 3rd period - Off-side.
17:40 of 3rd period - Nathan MacKinnon wins face-off versus Derick Brassard in neutral zone.
17:49 of 3rd period - Wrist shot by Jakob Chychrun.
17:49 of 3rd period - Shot Blocked by Alex Galchenyuk.
17:51 of 3rd period - Slapshot by Ryan Kesler.
17:51 of 3rd period - Shot Misses the Net.
17:53 of 3rd period - Wrist shot by Derick Brassard.
17:53 of 3rd period - Goal by Derick Brassard - Jets : 4 - Bruins : 6.
17:54 of 3rd period - Nathan MacKinnon wins face-off versus Anthony Beauvillier in neutral zone.
19:10 of 3rd period - Icing by Nathan MacKinnon.
19:11 of 3rd period - Nathan MacKinnon wins face-off versus Derick Brassard in Jets zone.
19:30 of 3rd period - Jason Pominville is hit by Alex Galchenyuk and loses puck.
19:48 of 3rd period - Snap shot by Josh Morrissey.
19:48 of 3rd period - Shot Blocked by Chris Wideman.
19:50 of 3rd period - Wrist shot by Martin Hanzal.
19:50 of 3rd period - Stopped by Juuse Saros with a rebound.
19:52 of 3rd period - Wrist shot by Wayne Simmonds.
19:52 of 3rd period - Deflect By Jakob Chychrun.
19:52 of 3rd period - Shot Blocked by Chris Wideman.
19:52 of 3rd period - Puck is out of play.
19:53 of 3rd period - Ryan Kesler wins face-off versus Matt Luff in Bruins zone.
Goals for this period are 1 for Jets vs 2 for Bruins.
Shots for this period are 8 for Jets vs 17 for Bruins.